[Event "Swietokrzyskie GM Chess-ch 2022"]
[Site "Zagnansk"]
[Date "2022.05.05"]
[Round "8.4"]
[White "Fus, FM Jakub"]
[Black "Tazbir, GM Marcin"]
[Result "1/2-1/2"]
[ECO "B31"]
[WhiteElo "2377"]
[BlackElo "2506"]
[Annotator "TA"]
[PlyCount "74"]
[EventDate "2022.04.29"]
[EventCountry "POL"]
[SourceTitle "playchess.com"]
[Source "ChessBase"]
[SourceQuality "1"]
[TimeControl "40/5400+30:1800+30"]

1. e4 c5 2. Nf3 Nc6 3. Bb5 g6 4. O-O Bg7 5. Bxc6 dxc6 6. d3 e5 7. Nc3 {[%emt 0:02:31] B31: Sicilian: 2...Nc6 3 Bb5 g6.} Qc7 8. Be3 b6 9. Qc1 {[%emt 0:01:47] White has an edge.} Nf6 10. Bh6 {[%emt 0:05:01] [#]} O-O $146 ({Predecessor:} 10... Bxh6 11. Qxh6 Nh5 12. h3 f6 13. Ne2 Qf7 14. a4 Ng7 15. c3 O-O 16. Qe3 Ba6 {½-½ (31) Magomedov,M (2450)-Lanka,Z (2535) Cappelle la Grande 1994}) 11. Bxg7 Kxg7 12. h3 Nh5 13. Ne2 h6 14. b3 a5 15. a4 Kh7 (15... Be6 {looks sharper.} 16. Nh2 g5 17. Ng4 Nf4) 16. Nh2 g5 17. Qd1 f6 18. Ng4 Be6 19. Ne3 Ng7 20. Ng3 Kg6 21. Qf3 Qd7 22. Rfd1 h5 23. Rd2 Rh8 24. Re1 g4 25. hxg4 Bxg4 26. Nxg4 hxg4 27. Qe3 Ne6 {[%emt 0:01:49] White must now prevent ...Qh7.} 28. f3 $1 Nf4 {[%emt 0:03:32] Strongly threatening ...Rag8.} 29. c3 Qh7 30. fxg4 ({Much worse is} 30. Kf1 Qh4 31. Nf5 Qh1+ 32. Qg1 gxf3 33. gxf3+ Qxg1+ 34. Kxg1 Kf7 $17) 30... Qh2+ 31. Kf1 Rad8 {[%emt 0:13:39][%cal Od8d3] ...Rxd3! is the strong threat.} 32. Qf3 Rh3 33. Kf2 {[%emt 0:00:09] [#]} (33. Re3 $11 {was the only way to keep the balance.}) 33... Rdh8 ({Black should play} 33... Rxd3 $1 $17 34. Rxd3 {[#]} Qxg3+ $1 35. Qxg3 Nxd3+ 36. Qxd3 Rxd3) 34. Rdd1 $11 {[%emt 0:01:17] The position is equal.} Rxg3 35. Qxg3 {[%emt 0:00:05] Really sharp!} Nh3+ $1 36. Kf3 Ng5+ 37. Kf2 {[%emt 0:00:03] Threatens to win with Qxh2.} Nh3+ $1 {[%emt 0:00:03] Weighted Error Value: White=0.12 (very precise) /Black=0.07 (flawless)} 1/2-1/2

[Event "Swietokrzyskie GM Chess-ch 2022"]
[Site "Zagnansk"]
[Date "2022.05.06"]
[Round "9.1"]
[White "Samunenkov, FM Ihor"]
[Black "Kowalski, IM Igor"]
[Result "1/2-1/2"]
[ECO "D79"]
[WhiteElo "2372"]
[BlackElo "2370"]
[Annotator "TA"]
[PlyCount "71"]
[EventDate "2022.04.29"]
[EventCountry "POL"]
[SourceTitle "playchess.com"]
[Source "ChessBase"]
[SourceQuality "1"]
[TimeControl "40/5400+30:1800+30"]

1. d4 Nf6 2. g3 g6 3. Bg2 d5 4. Nf3 Bg7 5. c4 c6 6. O-O O-O 7. cxd5 cxd5 8. Ne5 Ng4 9. Bf4 {[%emt 0:00:09] D79: Fianchetto Grünfeld: Symmetrical Variation (6 0-0 c6 7 cxd5 cxd5).} Nxe5 10. Bxe5 Bxe5 (10... f6 $5 11. Bf4 Nc6 $11) 11. dxe5 {[%emt 0:00:08] [#] White has an edge.} Qb6 $146 ({Predecessor:} 11... Nc6 12. Qxd5 Qxd5 13. Bxd5 Nxe5 14. Na3 Bd7 15. f4 Bc6 16. Rfd1 Rfd8 17. Bb3 Ng4 {½-½ (46) Banusz,T (2631)-Mamedov,R (2654) Tornelo INT 2021}) 12. Qb3 Qxb3 13. axb3 e6 14. f4 Nc6 15. Rd1 b6 (15... g5 $11) 16. Nc3 Nb4 17. Rac1 Bb7 18. Nb5 {[%emt 0:13:39] Threatens to win with Nd6.} Ba6 19. Nd4 {[%emt 0:08:51] White is more active.} Rfc8 20. Kf2 Rc5 21. Ke3 Bb7 22. g4 Rac8 23. Kd2 Kg7 24. h4 Nc6 $132 {[%emt 0:05:46][%mdl 2048] Black is not keeping still} 25. Nxc6 R8xc6 26. Rc3 Rb5 27. Rxc6 Bxc6 $11 {[%emt 0:00:07][%mdl 4096] Endgame KRB-KRB} 28. Rc1 Be8 29. Rc8 Kf8 (29... Bd7 $5 30. Rc7 Be8 $11) 30. Kc3 (30. e4 $5 ) 30... a5 {[%emt 0:00:51] The position is equal.} 31. Rb8 Ke7 32. e3 Rc5+ 33. Kd2 Rb5 34. Kc3 Rc5+ 35. Kd2 Rb5 36. Kc3 {[%emt 0:00:32] Weighted Error Value: White=0.10 (very precise) /Black=0.08 (flawless)} 1/2-1/2

[Event "Swietokrzyskie GM Chess-ch 2022"]
[Site "Zagnansk"]
[Date "2022.05.06"]
[Round "9.2"]
[White "Tazbir, GM Marcin"]
[Black "Stoyanov, IM Tsvetan"]
[Result "1/2-1/2"]
[ECO "B54"]
[WhiteElo "2506"]
[BlackElo "2424"]
[Annotator "TA"]
[PlyCount "59"]
[EventDate "2022.04.29"]
[EventCountry "POL"]
[SourceTitle "playchess.com"]
[Source "ChessBase"]
[SourceQuality "1"]
[TimeControl "40/5400+30:1800+30"]

1. e4 c5 2. Nf3 d6 3. d4 cxd4 4. Nxd4 Nf6 5. f3 e5 6. Nb3 d5 7. Bg5 Be6 8. Bxf6 gxf6 9. exd5 Bxd5 10. Nc3 Bb4 {[%emt 0:01:58] B55: Sicilian: 2...d6 3 d4 cxd4 4 Nxd4 Nf6 5 f3.} 11. Qd3 Nc6 12. O-O-O Bxb3 {[%emt 0:08:14] White is better.} 13. axb3 {[%emt 0:03:17] Threatens to win with Nd5.} ({Reject} 13. Qb5 Qe7 14. axb3 a6 $14) 13... Qxd3 14. Bxd3 Bxc3 15. bxc3 h5 {[%emt 0:08:46] [#]} 16. Bf5 $146 (16. f4 $16) ({Predecessor:} 16. Be4 Rg8 17. Rd2 Rd8 18. Re2 Kf8 19. f4 Rd7 20. Rf1 Ne7 21. Bf3 Ng6 22. f5 {1-0 (48) Recky,N (1863)-Hudak,D (2000) Slovakia 2005}) 16... Rd8 $14 17. Rxd8+ Nxd8 {[%emt 0:00:33][%mdl 4096] Endgame KRB-KRN} 18. Bc8 (18. Rd1 $14) 18... h4 $11 19. Rd1 Rg8 20. Rd2 b6 21. Bd7+ Ke7 22. Bb5 f5 23. g3 hxg3 24. hxg3 Ne6 25. Rd7+ Kf6 26. Rxa7 (26. g4 $1 $15) 26... Rxg3 $19 27. Bc6 {[%emt 0:00:05] [#]} (27. Be2 $17) 27... e4 $2 (27... Ng5 $1 $19 28. Ra6 Nxf3 29. Rxb6 Ng5) 28. fxe4 $11 {[%emt 0:00:21][%cal Bf3e4,Be4f5,Bf5e6][%mdl 32] The position is equal.} Rxc3 29. exf5 Rxc6 30. fxe6 {[%emt 0:00:06] Weighted Error Value: White=0.22 (precise) /Black=0.21 (precise)} 1/2-1/2

[Event "Swietokrzyskie GM Chess-ch 2022"]
[Site "Zagnansk"]
[Date "2022.05.06"]
[Round "9.3"]
[White "Chatalbashev, GM Boris"]
[Black "Fus, FM Jakub"]
[Result "1/2-1/2"]
[ECO "A30"]
[WhiteElo "2539"]
[BlackElo "2377"]
[Annotator "TA"]
[PlyCount "169"]
[EventDate "2022.04.29"]
[EventCountry "POL"]
[SourceTitle "playchess.com"]
[Source "ChessBase"]
[SourceQuality "1"]
[TimeControl "40/5400+30:1800+30"]

1. c4 c5 2. Nf3 Nc6 3. Nc3 e5 4. e3 Nf6 5. Be2 d5 6. d4 exd4 $1 {[%emt 0:03:27] The main line 6...exd4 scores better than 6...cxd4.} 7. exd4 cxd4 8. Nxd4 {[%emt 0:00:15] A34: Symmetrical English: 2 Nc3, lines with ...d5.} dxc4 (8... Bc5 {with more complications.} 9. Nxc6 bxc6 10. cxd5 Nxd5 11. Nxd5 Qxd5 12. O-O O-O) 9. Nxc6 Qxd1+ 10. Nxd1 bxc6 11. Bxc4 Bb4+ 12. Bd2 Bxd2+ 13. Kxd2 O-O 14. Ne3 Rd8+ {[%emt 0:02:37] [#]} 15. Kc2 $146 ({Predecessor:} 15. Ke2 Rb8 16. b3 Ne4 17. Rhc1 Rd2+ 18. Ke1 Rd6 19. Rd1 Kf8 20. f3 Rxd1+ 21. Rxd1 {½-½ (66) Spizharny,M (2153)-Bugaev,A (1748) Orsha 2021}) 15... Nd5 16. Rhe1 Be6 17. b3 Kf8 18. Bxd5 cxd5 19. Rad1 d4 20. Nc4 Rac8 21. Kd3 Rc5 22. Rc1 Bf5+ 23. Kd2 f6 24. b4 Rcd5 {[%emt 0:02:05] [#]} (24... Rc7 $11 {keeps the balance.}) 25. Na5 $1 $16 R8d7 26. h4 (26. Rc8+ $16 Kf7 27. a4) 26... Kf7 27. a3 h5 28. Rc6 Bg6 (28... R7d6 $14) 29. Ra6 (29. Nb3 $16) 29... Rf5 $14 30. f3 Rf4 31. Rh1 (31. Nc6 $5 Rxh4 32. Rxa7 Rxa7 33. Nxa7 $14) 31... d3 $1 32. Ke3 $1 (32. Nc6 Rc4 33. Rxa7 Rc2+ 34. Kd1 Rxa7 35. Nxa7 Ra2 $17) 32... Rfd4 {[%emt 0:02:13] [#]} 33. Rxa7 $1 Rxa7 34. Kxd4 {[%emt 0:00:03][%mdl 4096] Endgame KRB-KRN} Rd7+ 35. Kc3 Rc7+ $1 ({Weaker is} 35... d2 36. Rd1 $16) 36. Nc4 Ke6 $1 (36... d2 $2 37. Rd1 $18) 37. Kd4 Rd7+ 38. Ke3 Re7 $1 39. Kd4 Rd7+ 40. Ke3 Re7 $1 41. Kf4 {[%emt 0:22:17] aiming for Re1+.} Kd5 42. Rc1 {[%emt 0:01:38] And now Nb6+ would win.} Kd4 43. Nd2 (43. b5 $11 {was preferrable.}) 43... Re2 (43... Bf7 $15 44. Rc8 Bd5) 44. Nb3+ $11 Kd5 45. Rc7 Rb2 46. Nc5 d2 $2 (46... Rxg2 $11 {and Black has nothing to worry.} 47. Nb3 Rb2) 47. Rd7+ $18 ({Inferior is} 47. Rxg7 Be8 48. Ne4 Ke6 49. Nc5+ Kd5 $11) 47... Kc4 48. Ke3 {[%emt 0:00:19] Hoping for Rd4+.} Ra2 49. Rxd2 (49. Ne6 $18 {is more deadly.}) 49... Rxa3+ $16 50. Kf4 {[%emt 0:00:02] Rd7 is the strong threat. White is more active.} Kxb4 {[%emt 0:00:32] [#]} 51. Ne6 Ra7 {[%emt 0:00:39] Inhibits Rd7.} 52. Rd8 Re7 53. Rd6 Kc4 54. g4 (54. Kg3 $1 $14) 54... hxg4 $11 {[%emt 0:00:05] The position is equal.} 55. fxg4 Bh7 56. h5 Bb1 57. Rd4+ Kc3 58. Rd6 Kc4 59. Kf3 Bh7 60. Kg3 Bg8 61. Nd4 Bh7 62. Nf3 Kc5 63. Rd8 Kc6 64. Kf4 Re4+ 65. Kg3 {Threatens to win with Rh8.} Re7 66. Nd4+ Kc7 67. Rh8 Bb1 68. Rg8 Kd7 69. Rb8 Bd3 70. Kf3 Bh7 71. Rh8 Be4+ 72. Kf4 Bd3 73. Nb3 {[%emt 0:00:54] Black must now prevent Nc5+.} Bc2 74. Nc5+ Kc6 75. Rc8+ Kd5 76. Kg3 Ra7 77. Kh4 Kd6 78. Na6 Rxa6 79. Rxc2 {[%emt 0:00:03] KR-KR} Ke7 80. Rc7+ Kf8 81. h6 gxh6 82. Kh5 Ra5+ 83. Kg6 Rg5+ 84. Kxf6 Kg8 $1 85. Rc8+ {[%emt 0:01:17] Weighted Error Value: White=0.13 (very precise) /Black=0.12 (very precise)} 1/2-1/2

[Event "Swietokrzyskie GM Chess-ch 2022"]
[Site "Zagnansk"]
[Date "2022.05.06"]
[Round "9.4"]
[White "Szpar, IM Milosz"]
[Black "Pacan-Milej, FM Kosma"]
[Result "1/2-1/2"]
[ECO "B15"]
[WhiteElo "2434"]
[BlackElo "2404"]
[Annotator "TA"]
[PlyCount "49"]
[EventDate "2022.04.29"]
[EventCountry "POL"]
[SourceTitle "playchess.com"]
[Source "ChessBase"]
[SourceQuality "1"]
[TimeControl "40/5400+30:1800+30"]

1. e4 c6 2. d4 d5 3. Nd2 dxe4 4. Nxe4 Nf6 5. Qd3 Nxe4 6. Qxe4 {[%emt 0:00:07] B15: Caro-Kann: 3 Nc3: 3...g6 and 3...dxe4 4 Nxe4 Nf6 5 Nxf6+ exf6.} Qd5 7. Qf4 Bf5 8. c4 Qe4+ 9. Ne2 e6 10. Qxe4 Bxe4 11. Nc3 {[%emt 0:00:32] [#]} Bb4 $146 ({Predecessor:} 11... Bf5 12. Be3 Nd7 13. Be2 Be7 14. O-O O-O 15. Rac1 Rfd8 16. Rfd1 Nf6 17. h3 h6 {½-½ (51) Wege,J (2235)-Just,F Bergen Enkheim 1997}) 12. Be3 O-O 13. Rc1 (13. a3 $5 Bxc3+ 14. bxc3 $11) 13... Bg6 14. a3 Be7 15. Be2 Nd7 16. O-O Rfd8 17. Rfd1 Nb6 18. a4 a5 {[%emt 0:13:00] The position is equal.} 19. d5 Nd7 20. d6 Bf6 21. c5 Rab8 22. Bf3 Ne5 23. Be2 Nd7 24. Bf3 Ne5 25. Be2 {[%emt 0:01:08] Weighted Error Value: White=0.08 (flawless) /Black=0.04 (flawless)} 1/2-1/2

[Event "Swietokrzyskie GM Chess-ch 2022"]
[Site "Zagnansk"]
[Date "2022.05.06"]
[Round "9.5"]
[White "Budisavljevic, GM Luka"]
[Black "Mikrut, IM Dariusz"]
[Result "1-0"]
[ECO "E71"]
[WhiteElo "2509"]
[BlackElo "2361"]
[Annotator "TA"]
[PlyCount "157"]
[EventDate "2022.04.29"]
[EventCountry "POL"]
[SourceTitle "playchess.com"]
[Source "ChessBase"]
[SourceQuality "1"]
[TimeControl "40/5400+30:1800+30"]

1. d4 Nf6 2. c4 g6 3. Nc3 Bg7 4. e4 d6 5. h3 O-O 6. Be3 c5 7. Nf3 cxd4 8. Nxd4 Nc6 9. Be2 Nxd4 10. Bxd4 Bd7 11. O-O Bc6 12. Qc2 {[%emt 0:00:02] B38: Sicilian: Maroczy Bind with 5...Bg7 and 7...0-0.} a5 13. Rad1 Nd7 {[%emt 0:02:18] Prevents c5.} 14. Bxg7 {[%emt 0:01:17] White is slightly better.} Kxg7 15. Bg4 Ne5 16. c5 Nxg4 17. hxg4 Qc8 18. cxd6 Qxg4 19. dxe7 Rfe8 $1 {[%emt 0:00:21][%cal Bf8e8,Be8e7,Be7d7][%mdl 32] [#]} 20. Nd5 $1 Bxd5 21. Qc3+ Kg8 22. exd5 Rxe7 23. d6 Rd7 24. Rd4 {[%emt 0:00:01] Inhibits Qb4.} (24. Rd5 {keeps more tension.} Qe4 25. Rfd1 a4 26. R1d3) 24... Qe6 25. Re1 Qf6 {[%emt 0:08:38] [#]} 26. Qc5 $146 ({Predecessor:} 26. Red1 Kg7 27. R1d3 Ra6 28. Qd2 h5 29. Rd5 Rb6 30. R3d4 Rc6 31. Kh2 b6 32. g3 {½-½ (47) Cornette,M (2597)-Taylor,A (2331) Daventry 2019}) 26... Kg7 27. g3 Ra6 28. Red1 Rc6 29. Qa3 Rc2 30. Qe3 {[%emt 0:06:23] Active counter play!} Rc6 31. Qd2 (31. Rh4 h5 32. Rhd4 Rcxd6 33. Rxd6 Rxd6 34. Rxd6 Qxd6 35. Qc3+ Qf6 36. Qxa5 Qxb2 $17) 31... b6 32. Kg2 h5 33. Qd3 Qe5 34. Rd2 Rc1 35. Re4 Qf6 36. a3 Rc6 37. Rd4 Qe5 38. b4 axb4 39. axb4 Rc1 40. Re2 Qf6 41. Ra2 Rc6 42. Rd2 Qe5 43. Rd1 Qf6 44. b5 Rc5 45. Rd5 Rc3 46. Qe4 Rb3 47. R1d4 Rc3 (47... Rb2 48. Qe3 $14) 48. Rd1 Rb3 49. R1d2 Rc3 50. R2d4 Rb3 51. Qe2 Qe6 52. Re5 Qf6 53. Red5 Rb1 {[%emt 0:00:36] [#]} (53... Qe6 $11 {remains equal.} 54. Qc4 Rb1) 54. Qe8 ({White must play} 54. Qe3 $1 $16) 54... Qd8 (54... Qe6 $11 55. Qxe6 fxe6) 55. Qe4 $16 {[%emt 0:01:08] The board is on fire.} Rc1 56. Qe3 Rc2 57. Rf4 (57. Ra4 $16) 57... Qa8 58. Qd4+ Kg8 (58... Kh7 $1 $11 59. Rf3 Rc8) 59. Kh2 $1 $14 {[%emt 0:00:24] Threatens to win with Re5.} Re2 60. Re5 Rxe5 61. Qxe5 $16 {[%emt 0:00:01][%mdl 4096] Endgame Rc4 is the strong threat. KQR-KQR} Qd8 62. Rd4 Kh7 63. Qd5 (63. Rd2 $16) 63... Qf6 $11 64. Kg2 Kg7 65. Rd3 Kh7 (65... h4 $1 $11 {keeps the balance.}) 66. Qc6 $36 {[%emt 0:00:46][%csl LRb6,LRd7][%mdl 2048] White is in control.} Qf5 $2 (66... Qd8 $16 {was necessary.}) 67. Rd2 $2 (67. Rd4 $18) 67... h4 $1 $11 68. Qxb6 h3+ $2 (68... hxg3 $11 69. fxg3 Qe4+ 70. Kh2 Qb4) 69. Kh2 $18 {[%emt 0:00:17] aiming for Qc6.} Qg5 70. Rd4 Qf6 71. Rf4 Qe5 $2 (71... Qxd6 72. Rxf7+ Kh8 73. Qxd6 Rxd6) 72. Rh4+ Kg7 73. Qb8 Kf6 74. Rf4+ $2 (74. Qa8 $18 {has better winning chances. Intending b6 and mate.} Qxb5 75. Qh8+ Ke6 76. Re4+ Kxd6 77. Re1) 74... Kg7 $16 75. Rh4 $2 ({Of course not} 75. Kxh3 $6 Qd5 76. Rh4 Qh1+ 77. Kg4 Qe4+ 78. f4 (78. Kh3 Qh1+ 79. Kg4 Qe4+ 80. f4 Qe2+ 81. Kh3 Qf1+ 82. Kh2 Qe2+ 83. Kh3 Qf1+ 84. Kh2 Qe2+ 85. Kh3 $11) 78... Qe2+ 79. Kh3 Qf1+ 80. Kh2 (80. Kg4 Qe2+ 81. Kh3 Qf1+ 82. Kh2 Qe2+ 83. Kh3 $11) 80... Qe2+ 81. Kh3 Qf1+ 82. Kh2 (82. Kg4 Qe2+ 83. Kh3 $11) 82... Qe2+ 83. Kh3 $11) (75. Qc8 $16 Qd5 76. Qc3+ Kg8 77. Qc6 (77. Qc8+ Kg7 $16) 77... Qxd6 78. Qa8+ (78. Kxh3 Kg7 $16) 78... Rd8 79. Qf3) 75... Kf6 $18 76. b6 {[%emt 0:00:43] White wants to mate with b7.} Qxd6 $2 (76... Qd5 $18 77. f3 (77. Kxh3 Qh1+ 78. Kg4 Qe4+ 79. Kh3 Qh1+ 80. Kg4 Qe4+ 81. Kh3 Qh1+ $11) (77. Rxh3 Qd2 $11) 77... Qa2+ 78. Kxh3 Qe6+ 79. Rg4 Kg7) 77. Qh8+ {[%emt 0:00:41] White mates.} Ke6 78. Re4+ Kf5 79. Rf4+ {[%emt 0:00:05] Weighted Error Value: White=0.10 (very precise) /Black=0.12 (very precise)} 1-0